 Dungeon Crawl Stone Soup version 0.31.0-11-ge490571c62 (webtiles) character file.

Game seed: 2591903833922374523

151 qw the Skirmisher (level 5, -4/29 HPs)
             Began as a Deep Elf Hunter on Feb 5, 2024.
             Killed from afar by Ijyb (6 damage)
             ... with a puff of flame
             ... on level 4 of the Dungeon.
             The game lasted 00:01:13 (2340 turns).

qw the Skirmisher (Deep Elf Hunter)                 Turns: 2340, Time: 00:01:15

Health: -4/29      AC:  4    Str: 10    XL:     5   Next: 11%
Magic:  7/7        EV: 12    Int: 14    God:
Gold:   197        SH:  0    Dex: 18    Spells: 4/4 levels left

rFire   . . .        a - +0 shortbow
rCold   . . .        (shield currently unavailable)
rNeg    . . .        c - +0 leather armour
rPois   .            e - +0 helmet
rElec   .            (no cloak)
rCorr   .            (no gloves)
SInv    .            (no boots)
Will    .....        (no amulet)
Stlth   ++           (no ring)
HPRegen 0.24/turn    (no ring)
MPRegen 0.10/turn

%: no passive effects
@: no status effects
A: no striking features
a: no special abilities


You were on level 4 of the Dungeon.
You visited 1 branch of the dungeon, and saw 4 of its levels.

You collected 197 gold pieces.


   Skills:
 - Level 1.5 Fighting
 + Level 8.5 Ranged Weapons
 - Level 2.4 Dodging
 - Level 1.2 Stealth


You had 4 spell levels left.
You didn't know any spells.
Your spell library was empty.

Inventory:

Hand Weapons
 a - a +0 shortbow (weapon)
Armour
 c - a +0 leather armour (worn)
 e - a +0 helmet (worn)
Jewellery
 b - an amulet of magic regeneration
Potions
 d - a potion of curing
 f - 2 potions of haste
 i - a potion of enlightenment

Dungeon Overview and Level Annotations

Branches:
Dungeon (4/15)
 Temple: D:4-7

Altars:
Nemelex Xobeh
Ru
Xom
The Shining One

Annotations:
D:4 Ijyb


Message History

The bat skeleton barely misses you.
You shoot an arrow. The arrow hits the bat skeleton.
The bat skeleton is severely damaged.
The bat skeleton hits you but does no damage. x2
The bat skeleton barely misses you.
You shoot an arrow. The arrow hits the bat skeleton!
You destroy the bat skeleton!
You shoot an arrow. The arrow closely misses Ijyb.
Ijyb hits you but does no damage.
You shoot an arrow. The arrow hits Ijyb.
Ijyb is lightly wounded.
Ijyb hits you with a +1 vampiric dagger.
You shoot an arrow. The arrow hits Ijyb.
Ijyb is lightly wounded.
Ijyb zaps a wand.
The puff of flame hits you!
You shoot an arrow. The arrow hits Ijyb but does no damage.
Ijyb is lightly wounded.
Ijyb hits you with a +1 vampiric dagger.
You shoot an arrow. The arrow closely misses Ijyb.
Ijyb zaps a wand.
The puff of flame hits you!
You shoot an arrow. The arrow hits Ijyb.
Ijyb is moderately wounded.
Ijyb hits you but does no damage.
You shoot an arrow. The arrow hits Ijyb.
Ijyb is heavily wounded.
Ijyb misses you.
You shoot an arrow. The arrow hits Ijyb but does no damage.
Ijyb is heavily wounded.
Ijyb hits you with a +1 vampiric dagger.
Ijyb draws strength from your wounds!
You shoot an arrow. The arrow hits Ijyb but does no damage.
Ijyb is moderately wounded.
Ijyb screams, "Me stronger than you!" Ijyb misses you.
You shoot an arrow. The arrow barely misses Ijyb.
Ijyb misses you.
You shoot an arrow. The arrow hits Ijyb.
Ijyb is heavily wounded.
Ijyb zaps a wand.
The puff of flame hits you.
You die...

#.# ### #.#
..########.#
#.##.....#.# #.##.#
#.#.#
###.##.###.#.#########
#........#.#.#........
#.#.##.#.......#######
#.#.##.###......@..#
#.#.##.###.#####g''#
..:.##.....# .....#
#.########## .}.#.}.#
#.# .#.#.#.#.# #.#
#(.# } #. # #<### # #
. #. #...# ### #. ##
#...# ##.#


You could see Ijyb.

Vanquished Creatures
  A bombardier beetle (D:3)
  A hound (D:4)
  2 adders
  3 dart slugs (D:1)
  3 ribbon worms (D:3)
  An orc (D:3)
  4 bats
  A bat skeleton (D:4)
  6 endoplasms
  A giant cockroach (D:1)
  7 hobgoblins
  3 quokkas
  6 ball pythons
  A frilled lizard (D:2)
  10 goblins
  3 kobolds (D:1)
  6 rats
59 creatures vanquished.

Notes
Turn   | Place    | Note
-------+----------+-------------------------------------------
     0 | D:1      | qw the Deep Elf Hunter began the quest for the Orb.
     0 | D:1      | Reached XP level 1. HP: 12/12 MP: 3/3
     0 | D:1      | 0 ||| qw: Version: 0.3-a-160-g6735b56
     0 | D:1      | 0 ||| qw: Game counter: 6531
     0 | D:1      | 0 ||| qw: Melee chars always use a shield: true
     0 | D:1      | 0 ||| qw: God list: Okawaru
     0 | D:1      | 0 ||| qw: Allow faded altars: false
     0 | D:1      | 0 ||| qw: Do Orc after clearing Dungeon:15 true
     0 | D:1      | 0 ||| qw: Do second Lair branch before Depths: true
     0 | D:1      | 0 ||| qw: Lair rune preference: random
     0 | D:1      | 0 ||| qw: Goals: Normal
     0 | D:1      | 0 ||| PLANNING D:1-11
   155 | D:1      | Reached XP level 2. HP: 11/16 MP: 4/4
   159 | D:1      | Reached skill level 6 in Ranged Weapons
   379 | D:1      | Reached XP level 3. HP: 20/20 MP: 5/5
   701 | D:1      | 701 ||| UPGRADING to +0 helmet.
   706 | D:1      | 706 ||| READING scroll labelled LUWNES PUMI.
   742 | D:1      | 742 ||| READING scroll labelled FAIDEO AHIN.
   743 | D:1      | 743 ||| DROPPING scroll of butterflies.
   911 | D:2      | Reached skill level 7 in Ranged Weapons
   992 | D:2      | Found a faded altar of an unknown god.
  1191 | D:2      | 1191 ||| READING scroll labelled FEMNUPS KINKI.
  1192 | D:2      | 1192 ||| READING scroll labelled RUNIAP PETHUR.
  1193 | D:2      | 1193 ||| READING 3 scrolls labelled QYWNIF OHYFIUP.
  1193 | D:2      | 1193 ||| IDENTIFYING viscous sapphire potion
  1194 | D:2      | 1194 ||| READING 2 scrolls of identify.
  1194 | D:2      | 1194 ||| IDENTIFYING bubbling black potion
  1196 | D:2      | 1196 ||| Stepping ~*~*~tactically~*~*~ (cloud).
  1196 | D:2      | HP: 4/20 [poisoned by you (poison gas)]
  1197 | D:2      | 1197 ||| DRINKING potion of curing.
  1197 | D:2      | 1197 ||| (to cure poison)
  1269 | D:3      | Reached XP level 4. HP: 25/25 MP: 6/6
  1290 | D:3      | Found a sacrificial altar of Ru.
  1292 | D:3      | Found a sparkling altar of Nemelex Xobeh.
  1442 | D:3      | Found a shimmering altar of Xom.
  1626 | D:3      | Reached skill level 8 in Ranged Weapons
  1637 | D:3      | Found a glowing golden altar of the Shining One.
  2180 | D:3      | 2180 ||| DROPPING +6 ring of intelligence.
  2181 | D:3      | 2181 ||| READING 2 scrolls of identify.
  2181 | D:3      | 2181 ||| IDENTIFYING red potion
  2182 | D:3      | 2182 ||| READING scroll of identify.
  2182 | D:3      | 2182 ||| IDENTIFYING 2 sapphire potions
  2183 | D:3      | 2183 ||| READING scroll labelled PIECSI SYTHRATENELI.
  2184 | D:3      | 2184 ||| DRINKING 3 murky golden potions.
  2185 | D:3      | 2185 ||| DROPPING 2 potions of magic.
  2186 | D:3      | 2186 ||| DROPPING 2 potions of degeneration.
  2234 | D:4      | Reached XP level 5. HP: 27/29 MP: 7/7
  2325 | D:4      | Noticed Ijyb
  2334 | D:4      | HP: 3/29 [Ijyb/puff of flame (10)]
  2337 | D:4      | HP: 1/29 [Ijyb/+1 vampiric dagger (3)]
  2340 | D:4      | Killed from afar by Ijyb

Levels and vault maps discovered:
D:1:      dpeg_arrival_snail, layout_loops_ring
D:2:      layout_basic, ebering_ecumenical_altar_petrified
D:3:      layout_loops_corners, mainiacjoe_overflow_cross_hatched,
          xom_butterflies, jmf_multi_god_temple, chequers_serial_rivers_micro_a,
          supply_closet_lemuel
D:4:      layout_loops_corners, kennysheep_vampire_church,
          minmay_temple_entry_purple_smoke, serial_shops,
          nicolae_shop_bloodbath_and_beyond, minivault_27, uniq_ijyb,
          uniq_natasha

Skill      XL: |  1  2  3  4 |
---------------+-------------+-----
Ranged Weapons | 6 7 8 |  8.5
Fighting       | |  1.5
Dodging        | |  2.4
Stealth        | |  1.2

Action                     |  1- 3 |  4- 6 || total
---------------------------+-------+-------++-------
   Fire: Shortbow          |   106 |    79 ||   185
    Use: Scroll            |     6 |     3 ||     9
         Potion            |     1 |     1 ||     2
 Armour: Leather armour    |    15 |    25 ||    40
  Dodge: Dodged            |    15 |    23 ||    38

Table legend:
 A = Non-vault XP
 B = Vault XP
 C = Vault XP percentage of total XP
 D = Non-vault monster count
 E = Vault monster count
 F = Vault count percentage of total count
                 A         B        C        D         E       F
            +---------+---------+-------+---------+---------+-------
      Total |     197 |      20 |   9.2 |      56 |       3 |   5.1
            +---------+---------+-------+---------+---------+-------
        D:1 |      54 |       0 |   0.0 |      29 |       0 |   0.0
        D:2 |      35 |       0 |   0.0 |      14 |       0 |   0.0
        D:3 |      66 |      18 |  21.4 |      12 |       2 |  14.3
        D:4 |      42 |       2 |   4.5 |       1 |       1 |  50.0
            +---------+---------+-------+---------+---------+-------
